 Dungeon Crawl Stone Soup version 0.26.1-2-gb8aa6d0cf2 (console) character file.

Game seed: 5742643275604430877

15260 om the Protected (level 11, -1/94 HPs)
             Began as a Minotaur Berserker on Feb 12, 2021.
             Was a High Priest of Trog.
             Slain by a guardian serpent (9 damage)
             ... on level 3 of the Lair of Beasts.
             The game lasted 00:24:53 (13000 turns).

om the Protected (Minotaur Berserker)              Turns: 13000, Time: 00:24:54

Health: -1/94      AC: 16    Str: 25    XL:     11   Next: 99%
Magic:  0/3        EV: 15    Int:  4    God:    Trog [*****.]
Gold:   433        SH:  0    Dex: 13    Spells: 10/10 levels left

rFire    + . .     SeeInvis .   J - +6 executioner's axe (antimagic)
rCold    + . .     Faith    .   (shield currently unavailable)
rNeg     . . .     Spirit   +   K - +0 chain mail
rPois    .         Reflect  .   (helmet restricted)
rElec    .         Harm     +   p - scarf {rC+ rF+}
rCorr    +         Rampage  .   (no gloves)
Will     .....                  y - +2 pair of boots of Oxtaxeku {Harm rCorr Str+3}
Stlth    ..........             d - amulet of guardian spirit
HPRegen  0.25/turn              (no ring)
MPRegen  0.08/turn              (no ring)

@: lethally poisoned (-1 -> -10), slowed, very slow
A: retaliatory headbutt, horns 2
a: Renounce Religion, Berserk, Trog's Hand, Brothers in Arms


You were on level 3 of the Lair of Beasts.
You worshipped Trog.
Trog was extremely pleased with you.
You visited 2 branches of the dungeon, and saw 13 of its levels.

You collected 613 gold pieces.
You spent 180 gold pieces at shops.

Inventory:

Hand Weapons
 b - a +0 hand axe of freezing
 i - a +0 hunting sling
 J - a +6 antimagic executioner's axe (weapon)
 L - a +0 hand axe of flaming
Missiles
 h - 274 stones
Armour
 p - a scarf of resistance (worn)
 y - the +2 pair of boots of Oxtaxeku (worn) {Harm rCorr Str+3}
   (You found it on level 5 of the Dungeon)

   It affects your strength (+3).
   It provides partial protection from all sources of acid and corrosion.
   It increases damage dealt and taken.
 E - a +0 buckler of protection
 K - a +0 chain mail (worn)
Jewellery
 d - an amulet of guardian spirit (around neck)
Wands
 w - a wand of paralysis (9)
 D - a wand of random effects (13)
 G - a wand of iceblast (23)
 I - a wand of flame (18)
Scrolls
 a - a scroll of brand weapon {unknown}
 c - 3 scrolls of fog
 f - 4 scrolls of magic mapping {unknown}
 l - 4 scrolls of remove curse
 m - a scroll of noise {unknown}
 n - 3 scrolls of fear
 q - 2 scrolls of identify
 r - 2 scrolls of amnesia
 v - 6 scrolls of teleportation
 z - a scroll of silence {unknown}
 A - a scroll of holy word {unknown}
 C - a scroll of summoning {unknown}
 H - a scroll of acquirement {unknown}
Potions
 e - 2 potions of curing
 g - a potion of berserk rage
 j - 3 potions of might
 k - 2 potions of lignification
 o - 3 potions of flight
 s - a potion of cancellation
 t - 2 potions of attraction
 u - a potion of haste
 x - a potion of heal wounds
 B - 2 potions of degeneration


   Skills:
 - Level 8.0 Fighting
 * Level 8.4(9.6) Axes
 - Level 7.1(9.0) Maces & Flails
 + Level 12.4 Armour
 + Level 11.6 Dodging
 - Level 5.0 Shields
 + Level 5.2 Evocations


You had 10 spell levels left.
You didn't know any spells.
Your spell library was empty.

Dungeon Overview and Level Annotations

Branches:
Dungeon (10/15)            Temple (0/1) D:7            Lair (2/6) D:9
  Snake (0/4) Lair:3          Orc (0/2) D:9
  Swamp: Lair:2-4    Shoals: Lair:2-4

Altars:
Dithmenos
Elyvilon
Fedhas
Gozag
Hepliaklqana
Kikubaaqudgha
Makhleb
Nemelex Xobeh
Okawaru
Ru
Sif Muna
Vehumet
Zin

Shops:
D:4 (   D:5 !   D:7 [


Innate Abilities, Weirdness & Mutations

You reflexively headbutt those who attack you in melee.
You have a pair of horns on your head.


Message History

The guardian serpent completely misses you.
The guardian serpent hits you!
* * * LOW HITPOINT WARNING * * *
You closely miss the guardian serpent.
You headbutt the guardian serpent, but do no damage.
The guardian serpent is heavily wounded.
The guardian serpent hits you.
* * * LOW HITPOINT WARNING * * *
The guardian serpent casts a spell at you.
The bolt of poison misses you. The guardian serpent misses you.
You furiously retaliate!
You headbutt the guardian serpent. You barely miss the guardian serpent.
You headbutt the guardian serpent.
The guardian serpent is severely wounded.
The guardian serpent coils itself and waves its upper body at you.
The bolt of poison hits you!
You are poisoned.
* * * LOW HITPOINT WARNING * * *
The guardian serpent hits you but does no damage. x2
The guardian serpent hits you!
You die...

###..(...#...#
###.##.P.......#
#P........#....##
#.>..÷#........##
##.#.÷....#.###.#
###........# ###
#.......## #.....).#
####.#..# ###
#######....#
.....##..†.@S.##.P#
.........†##)###....#
......>..P#### #....#
#........## #....#
#..>....## .....#
#......## .....#
...#P.# ...### ...###
..


You could see a guardian serpent.

Vanquished Creatures
  An ice dragon (Lair:1)
  2 two-headed ogres (D:8)
  6 cane toads
  Maurice (D:9)
  4 komodo dragons
  The ghost of KittyFluff the Twirler, a novice GrBe of Trog (D:5)
  A hornet (D:9)
  A polar bear (Lair:3)
  Prince Ribbit (D:9)
  5 blink frogs (Lair:2)
  17 yaks
  4 wyverns
  Edmund (D:5)
  2 water moccasins
  3 orc warriors
  A hornet zombie (D:9)
  4 ice beasts
  5 black bears
  A phantom (D:8)
  2 sky beasts (D:9)
  8 ogres
  5 centaurs
  A big kobold (D:7)
  11 bullfrogs
  7 scorpions
  3 wights (D:7)
  An electric eel (Lair:1)
  A howler monkey (D:4)
  A bullfrog zombie (D:6)
  2 hounds
  6 orc priests
  A jelly (D:5)
  5 orc wizards
  A bullfrog skeleton (D:4)
  A centaur skeleton (D:5)
  2 gnoll shamans
  Terence (D:2)
  5 iguanas
  Ijyb (D:5)
  5 worker ants
  12 gnolls
  10 adders
  A shadow imp (D:8)
  2 white imps
  An ufetubus (D:5)
  4 oozes
  An adder zombie (D:8)
  4 worms
  A dart slug (D:2)
  3 leopard geckos
  57 orcs
  A ball python (D:4)
  6 giant cockroaches
  6 goblins
  12 hobgoblins
  13 jackals
  15 kobolds
  2 quokkas
  A bat (D:1)
  4 frilled lizards
  A jackal skeleton (D:8)
  A leopard gecko zombie (D:6)
  6 rats
  A plant (Lair:3)
296 creatures vanquished.

Vanquished Creatures (others)
  36 fungi
  39 plants
75 creatures vanquished.

Grand Total: 371 creatures vanquished

Notes
Turn   | Place    | Note
-------+----------+-------------------------------------------
     0 | D:1      | om the Minotaur Berserker began the quest for the Orb.
     0 | D:1      | Reached XP level 1. HP: 19/19 MP: 0/0
   227 | D:1      | Reached XP level 2. HP: 27/27 MP: 1/1
   987 | D:2      | Reached skill level 3 in Armour
  1006 | D:1      | Reached XP level 3. HP: 30/33 MP: 2/2
  1028 | D:2      | Noticed Terence
  1037 | D:2      | Killed Terence
  1333 | D:2      | Reached XP level 4. HP: 39/41 MP: 3/3
  1342 | D:2      | Reached ** piety under Trog
  2133 | D:3      | Noticed a black bear
  2143 | D:3      | Killed a black bear
  2144 | D:3      | Reached skill level 5 in Fighting
  2144 | D:3      | Reached skill level 4 in Armour
  2144 | D:3      | Reached XP level 5. HP: 48/48 MP: 4/4
  2814 | D:3      | Reached XP level 6. HP: 49/56 MP: 5/5
  2962 | D:3      | Found an iron altar of Okawaru.
  3036 | D:3      | Reached skill level 5 in Armour
  3222 | D:3      | Found a sparkling altar of Nemelex Xobeh.
  3288 | D:3      | Reached *** piety under Trog
  3865 | D:4      | Reached skill level 1 in Maces & Flails
  3865 | D:4      | Reached skill level 5 in Dodging
  3888 | D:4      | Found Vexituj's Weapon Boutique.
  4003 | D:4      | Reached XP level 7. HP: 63/63 MP: 6/6
  4046 | D:4      | Found a hazy altar of Hepliaklqana.
  4426 | D:5      | Entered Level 5 of the Dungeon
  4487 | D:5      | Reached skill level 6 in Armour
  4584 | D:5      | Noticed Ijyb
  4586 | D:5      | Found Runkou's Distillery.
  4589 | D:5      | Noticed Edmund
  4594 | D:5      | Killed Ijyb
  4604 | D:5      | Killed Edmund
  4608 | D:5      | Reached XP level 8. HP: 69/70 MP: 7/7
  4618 | D:5      | Found a radiant altar of Vehumet.
  4656 | D:5      | Reached skill level 7 in Armour
  4862 | D:5      | Bought a potion of heal wounds for 65 gold pieces
  4981 | D:5      | Found a large runed translucent door.
  4982 | D:5      | Found a large runed translucent door.
  4984 | D:5      | Noticed KittyFluff's ghost (novice GrBe)
  4989 | D:5      | Got a pair of smoking boots
  5006 | D:5      | Identified the +2 pair of boots of Oxtaxeku {Harm rCorr
                  | Str+3} (You found it on level 5 of the Dungeon)
  5098 | D:5      | Found a shadowy altar of Dithmenos.
  5189 | D:5      | Reached skill level 5 in Maces & Flails
  5392 | D:5      | Killed KittyFluff's ghost
  5393 | D:5      | Reached skill level 8 in Armour
  5437 | D:6      | Found an opulent altar of Gozag.
  5777 | D:6      | Reached **** piety under Trog
  6232 | D:7      | Reached XP level 9. HP: 73/75 MP: 5/8
  6415 | D:7      | Noticed an angel
  6424 | D:7      | Found a staircase to the Ecumenical Temple.
  6459 | D:7      | Reached skill level 9 in Armour
  6753 | D:7      | Reached skill level 10 in Armour
  6946 | D:7      | Found Ugesuz's Armour Shoppe.
  6954 | D:7      | Reached skill level 10 in Dodging
  6996 | D:7      | Bought a +0 buckler of protection for 115 gold pieces
  7005 | D:7      | Noticed a rust devil
  7217 | D:7      | Reached skill level 1 in Shields
  7594 | D:8      | Noticed a two-headed ogre
  7604 | D:8      | Killed a two-headed ogre
  7605 | D:8      | Reached skill level 1 in Evocations
  7605 | D:8      | Reached XP level 10. HP: 84/84 MP: 9/9
  7817 | D:8      | Found a burning altar of Makhleb.
  7958 | D:8      | Noticed a two-headed ogre
  7965 | D:8      | Killed a two-headed ogre
  7966 | D:8      | Reached skill level 11 in Armour
  8136 | D:8      | Found a glowing silver altar of Zin.
  8167 | D:8      | Reached ***** piety under Trog
  8375 | D:8      | Found a shimmering blue altar of Sif Muna.
  8792 | D:8      | Reached skill level 5 in Shields
  8862 | D:9      | Found a staircase to the Lair.
  8880 | D:9      | Noticed Maurice
  8899 | D:9      | Killed Maurice
  8941 | D:9      | Received a gift from Trog
  8993 | D:9      | Found a white marble altar of Elyvilon.
  8993 | D:9      | Found an ancient bone altar of Kikubaaqudgha.
  8993 | D:9      | Found a sacrificial altar of Ru.
  9130 | D:9      | Found a staircase to the Orcish Mines.
  9134 | D:9      | Reached XP level 11. HP: 92/92 MP: 3/10
  9350 | D:9      | Noticed Prince Ribbit
  9358 | D:9      | Killed Prince Ribbit
  9759 | D:9      | Found a blossoming altar of Fedhas.
 10317 | D:10     | Entered Level 10 of the Dungeon
 10573 | Lair:1   | Entered Level 1 of the Lair of Beasts
 10698 | Lair:1   | Reached skill level 5 in Axes
 11611 | Lair:1   | Noticed an ice dragon
 11620 | Lair:1   | Killed an ice dragon
 11621 | Lair:1   | Reached skill level 12 in Armour
 12609 | Lair:2   | You fall into a shaft and drop 1 floor!
 12615 | Lair:3   | Reached skill level 5 in Evocations
 12810 | Lair:3   | Found a staircase to the Snake Pit.
 12816 | Lair:3   | Received a gift from Trog
 13000 | Lair:3   | Slain by a guardian serpent

Illustrated notes

Levels and vault maps discovered:
D:1:      minmay_arrival_four_loops, layout_basic, serial_forest,
          infiniplex_forest_lined_3_way, infiniplex_forest_lined_room_,
          infiniplex_forest_clump_small, infiniplex_forest_join,
          infiniplex_forest_straight_4, infiniplex_forest_clump_long,
          infiniplex_forest_clump_tiny, infiniplex_forest_zigzag_1
D:2:      layout_loops_ring, grunt_ministairs_10, uniq_terence
D:3:      layout_basic, lemuel_coloured_pillars_altar,
          nicolae_overflow_crystal_walls
D:4:      layout_loops_cross, nzn_hepliaklqana_mist_gate,
          serial_co_window_serial, co_window_paths_b,
          co_window_of_opportunity_a, co_window_corner_a, co_window_corner_a,
          co_window_corner_a, co_window_broadway_b, co_window_corner_cb,
          co_window_cross_4, co_window_broadway_b, co_window_corner_ca,
          co_window_corner_ca, co_window_paths_d, glass_columns_b,
          glass_columns_a, glass_columns_a, glass_columns_b, glass_columns_b,
          serial_shops, kennysheep_mini
D:5:      layout_loops_cross, general_overflow_altar, old_standard_altar,
          ebering_ghost_disaster_area, serial_shops, nicolae_shop_behind_doors,
          uniq_ijyb, uniq_edmund
D:6:      layout_loops_ring, grunt_gozag_statues, minmay_misc_feat_enclosed,
          kennysheep_another_room, tgw_xom
D:7:      layout_basic, temple_garden, serial_shops, shop
D:8:      layout_gridville, lightli_temple_of_fire, zin_scriptorium,
          lemuel_blue_sif_altar
D:9:      layout_stronghold, fedhas_ov_isle_minmay,
          chequers_temple_overflow_statue_of_worship,
          due_lair_maze_entry_diamond, hiddenorc2_lemuel, uniq_maurice,
          uniq_prince_ribbit1
D:10:     layout_roguey, serial_ice, serial_ice_f, serial_ice_j, serial_ice_a,
          serial_ice_m
Lair:1:   dragon1_lemuel, layout_regular_city, lemuel_fruit_tree
Lair:2:   layout_roguey, minivault_11, chequers_serial_rivers_micro_c
Lair:3:   layout_misc_corridors, minmay_snake_entry_spellcaster, uniq_snorg

Skill      XL: |  1  2  3  4  5  6  7  8  9 10 11 |
---------------+----------------------------------+-----
Fighting       | 4 5 6 7 8 |  8.0
Armour         | 3 4 5 6 8 10 11 12 | 12.4
Dodging        | 3 4 5 6 8 10 11 | 11.6
Maces & Flails | 1 4 5 7 |  7.1
Shields        | 2 5 |  5.0
Evocations     | 1 3 5 |  5.2
Axes           | 4 8 |  8.4

Action                   |  1- 3 |  4- 6 |  7- 9 | 10-12 || total
-------------------------+-------+-------+-------+-------++-------
Melee: Hand axe          |    49 |    89 |     1 |       ||   139
       Headbutt          |     9 |    22 |    59 |    64 ||   154
       Whip              |       |    38 |   256 |   135 ||   429
       Executioner's axe |       |       |       |   142 ||   142
Invok: Berserk           |     1 |     3 |     5 |     9 ||    18
  Use: Scroll            |       |     7 |     4 |     8 ||    19
       Potion            |       |       |       |     2 ||     2
Armor: Animal skin       |     7 |     3 |       |       ||    10
       Chain mail        |       |    47 |   104 |   101 ||   252
Dodge: Dodged            |    44 |    68 |   142 |   211 ||   465
Block: Buckler           |       |       |     2 |    28 ||    30
